 Dungeon Crawl Stone Soup version 0.20.1-1-g8b1a95d (webtiles) character file.

213 Peloso the Shield-Bearer (level 5, 0/49 HPs)
             Began as a Deep Dwarf Fighter on Aug 3, 2017.
             Slain by Ejeck's ghost (10 damage)
             ... on level 4 of the Dungeon.
             The game lasted 00:07:14 (1750 turns).

Peloso the Shield-Bearer (Deep Dwarf Fighter)       Turns: 1750, Time: 00:07:14

Health: 0/49       AC:  8    Str: 20    XL:     5   Next: 59%
Magic:  5/5        EV:  8    Int:  9    God:
Gold:   119        SH:  9    Dex: 12    Spells: 4/4 levels left

rFire    + . .     SeeInvis .   a - +0 long sword
rCold    x . .     Gourm    .   c - +0 shield
rNeg     . . .     Faith    .   b - +0 scale mail
rPois    .         Spirit   .   (no helmet)
rElec    .         Reflect  .   (no cloak)
rCorr    .         Harm     .   t - +0 pair of gloves
MR       .....                  (no boots)
Stlth    ..........             (no amulet)
Regen    0.0/turn               q - ring of fire
MPRegen  0.1/turn               (no ring)

@: non-regenerating
A: damage resistance, heal wounds, sense surroundings 1, no regeneration
a: Heal Wounds


You were on level 4 of the Dungeon.
You were very hungry.

You visited 1 branch of the dungeon, and saw 4 of its levels.

You collected 119 gold pieces.

Inventory:

Hand Weapons
 a - a +0 long sword (weapon)
Missiles
 p - 21 arrows
Armour
 b - a +0 scale mail (worn)
 c - a +0 shield (worn)
 t - a +0 pair of gloves (worn)
Jewellery
 q - a ring of fire (left hand)
Wands
 s - a wand of disintegration (16/24)
Scrolls
 e - 2 scrolls of identify
 j - a scroll of teleportation
 k - a scroll of enchant armour {unknown}
 l - a scroll of enchant weapon {unknown}
 m - a scroll of amnesia
 o - a scroll of fog {unknown}
 r - a scroll of blinking
Potions
 g - a potion of curing
 h - 2 potions of flight {unknown}
Comestibles
 d - a fruit
 f - 4 bread rations
 n - a royal jelly
 u - 3 chunks of flesh


   Skills:
 + Level 3.1 Fighting
 + Level 4.1 Long Blades
 + Level 4.1 Armour
 + Level 1.4 Dodging
 + Level 4.3 Shields


You had 4 spell levels left.
You didn't know any spells.

Dungeon Overview and Level Annotations

Branches:
Dungeon (4/15)
 Temple: D:4-7

Altars:
Gozag

Annotations:
D:4 Ejeck's ghost, amateur MiFi


Innate Abilities, Weirdness & Mutations

You are resistant to damage.
You can heal yourself by infusing magical energy.
You passively map a small area around you.
You do not regenerate.


Message History

* * * LOW HITPOINT WARNING * * *
The orc priest shouts!
You hit Ejeck's ghost but do no damage.
Ejeck's ghost is almost destroyed.
Ejeck's ghost hits you.
You barely miss Ejeck's ghost.
Ejeck's ghost is almost destroyed.
Ejeck's ghost barely misses you. You block Ejeck's ghost's attack.
You closely miss Ejeck's ghost.
Ejeck's ghost is almost destroyed.
Ejeck's ghost barely misses you.
The orc shouts!
You hit Ejeck's ghost but do no damage.
Ejeck's ghost is almost destroyed.
Ejeck's ghost whispers, "The ORB doesn't exist."
You block Ejeck's ghost's attack.
You hit Ejeck's ghost but do no damage.
Ejeck's ghost is almost destroyed.
Ejeck's ghost hits you!
You die...

.. * * #.#* ### #.. ##.. ,
, ..* #.. #######......
#.## #.#*#.............
#..######.##..#...#.......
#..##.....#$..............
##.....#..#⌠..............
*
#..######@#o...........?..
# ##.## #W##..#...#......$
.## ##.##
#.###............. ..#
##.## #..#########......
..###..#
##....)†...).###..
...##.## ########..### #
<..#.## #..# .....# #..#
....## #†.#


You could see Ejeck's ghost.

Vanquished Creatures
  The ghost of Ejeck the Shield-Bearer, a weakling TrFi (D:3)
  A hound (D:4)
  An orc wizard (D:4)
  An iguana (D:4)
  2 adders (D:2)
  An ooze (D:3)
  2 worms
  A dart slug (D:2)
  An orc (D:4)
  A giant cockroach (D:2)
  6 hobgoblins
  13 jackals
  3 kobolds
  3 bats
  5 frilled lizards
  2 goblins
  6 rats
50 creatures vanquished.

Notes
Turn   | Place    | Note
-------+----------+-------------------------------------------
     0 | D:1      | Peloso the Deep Dwarf Fighter began the quest for the Orb.
     0 | D:1      | Reached XP level 1. HP: 20/20 MP: 1/1
   421 | D:1      | Reached XP level 2. HP: 24/27 MP: 2/2
   670 | D:2      | Reached XP level 3. HP: 19/33 MP: 3/3
   859 | D:2      | Reached skill level 1 in Dodging
  1126 | D:3      | Noticed Ejeck's ghost (weakling TrFi)
  1137 | D:3      | Killed Ejeck's ghost
  1137 | D:3      | Reached XP level 4. HP: 36/42 MP: 4/4
  1234 | D:3      | Found an opulent altar of Gozag.
  1621 | D:4      | Reached XP level 5. HP: 37/49 MP: 5/5
  1703 | D:4      | Noticed Ejeck's ghost (amateur MiFi)
  1750 | D:4      | Slain by Ejeck's ghost

Skill      XL: |  1  2  3  4  5 |
---------------+----------------+-----
Shields        | 4 |  4.3
Dodging        | 1 |  1.4
Fighting       | 3 |  3.1
Long Blades    | 3 4 |  4.1
Armour         | 4 |  4.1

Action                   |  1- 3 |  4- 6 || total
-------------------------+-------+-------++-------
Melee: Long sword        |   115 |    73 ||   188
 Abil: Heal Wounds       |     1 |       ||     1
Evoke: Wand              |       |     1 ||     1
  Use: Scroll            |     6 |     2 ||     8
       Potion            |     1 |     1 ||     2
  Eat: Chunk             |     1 |     1 ||     2
Armor: Scale mail        |    78 |    22 ||   100
Dodge: Dodged            |    75 |    23 ||    98
Block: Shield            |    80 |    30 ||   110
       Rpst.: Long sword |    26 |     7 ||    33
